 Dungeon Crawl Stone Soup version 0.31-a0-1223-gfd5aef93c1 (webtiles) character file.

Game seed: 1824168676881699388

1863 Ivernyr the Shield-Bearer (level 9, -3/71 HPs)
             Began as a Formicid Fighter on Dec 14, 2023.
             Was an Initiate of Wu Jian.
             Killed from afar by an electric eel (12 damage)
             ... with a bolt of electricity
             ... on level 7 of the Dungeon.
             The game lasted 00:12:44 (5980 turns).

Ivernyr the Shield-Bearer (Formicid Fighter)        Turns: 5980, Time: 00:12:45

Health: -3/71      AC:  9    Str: 24    XL:     9   Next: 35%
Magic:  9/9        EV:  9    Int:  9    God:    Wu Jian [......]
Gold:   415        SH:  6    Dex: 13    Spells: 8/8 levels left

rFire   . . .        a - +0 quarterstaff
rCold   . . .        c - +0 buckler
rNeg    + . .        b - +0 scale mail
rPois   .            (helmet unavailable)
rElec   .            (no cloak)
rCorr   .            x - +0 pair of gloves
SInv    +            (no boots)
Will    .....        (no amulet) Stlth
                     n - ring of positive energy
HPRegen 0.31/turn    (no ring)
MPRegen 0.11/turn

%: no passive effects
@: no status effects
A: permanent stasis, dig shafts and tunnels, antennae 3, four strong arms
a: Dig, Shaft Self, Renounce Religion


You were on level 7 of the Dungeon.
You worshipped Wu Jian.
Wu Jian was noncommittal.
You visited 2 branches of the dungeon, and saw 8 of its levels.

You collected 415 gold pieces.

Inventory:

Hand Weapons
 a - a +0 quarterstaff (weapon)
Armour
 b - a +0 scale mail (worn)
 c - a +0 buckler (worn)
 x - a +0 pair of gloves (worn)
Jewellery
 j - a ring of flight
 n - a ring of positive energy (left hand)
Wands
 u - a wand of light (15)
Scrolls
 e - 3 scrolls of fear {unknown}
 f - 2 scrolls of teleportation {unknown}
 i - 3 scrolls of noise {unknown}
 k - a scroll of identify {unknown}
 l - a scroll of blinking {unknown}
 p - 3 scrolls of enchant armour {unknown}
 q - a scroll of immolation {unknown}
 r - 2 scrolls of poison {unknown}
 v - a scroll of brand weapon {unknown}
Potions
 d - 3 potions of might
 g - 3 potions of degeneration {unknown}
 h - 3 potions of heal wounds {unknown}
 m - 2 potions of haste {unknown}
 o - a potion of enlightenment {unknown}
 s - a potion of brilliance {unknown}
 t - 2 potions of mutation {unknown}
 w - a potion of magic {unknown}


   Skills:
 + Level 6.5 Fighting
 * Level 7.5 Staves
 + Level 6.5 Armour
 + Level 7.8 Shields


You had 8 spell levels left.
You didn't know any spells.
Your spell library contained the following spells:

 Spells                   Type           Power      Damage    Failure   Level
 Slow                     Hex            0%         N/A       71%         1
 Sting                    Tmut/Pois      0%         1d3       71%         1
 Lesser Beckoning         Tloc           0%         N/A       85%         2
 Poisonous Vapours        Pois/Air       0%         N/A       85%         2
 Static Discharge         Conj/Air       0%         3-3/arc   85%         2
 Confusing Touch          Hex            0%         N/A       97%         3
 Gell's Gravitas          Tloc           0%         N/A       97%         3
 Ozocubu's Armour         Ice            0%         N/A       97%         3
 Sigil of Binding         Hex            0%         N/A       97%         3
 Teleport Other           Tloc           0%         N/A       97%         3
 Tukima's Dance           Hex            0%         N/A       97%         3
 Vampiric Draining        Necr           0%         2d6       97%         3
 Airstrike                Air            0%         2d(0-16)  100%        4
 Dimensional Bullseye     Hex/Tloc       0%         N/A       100%        4
 Iskenderun's Mystic Bla  Conj/Tloc      0%         2d3       100%        4
 Olgreb's Toxic Radiance  Pois           0%         N/A       100%        4
 Summon Lightning Spire   Summ/Air       0%         N/A       100%        4
 Metabolic Englaciation   Hex/Ice        0%         N/A       100%        5
 Simulacrum               Ice/Necr       0%         N/A       100%        6


Dungeon Overview and Level Annotations

Branches:
Dungeon (7/15)             Temple (1/1) D:6

Altars:
Ashenzari
Cheibriados
Dithmenos
Elyvilon
Fedhas
Gozag
Hepliaklqana
Kikubaaqudgha
Makhleb
Nemelex Xobeh
Okawaru
Qazlal
Ru
Sif Muna
Trog
Vehumet
Wu Jian
Xom
Yredelemnul
The Shining One

Annotations:
D:4 3 runed translucent doors, Farnir's ghost, amateur MiFi; confidenceinterval's ghost, amateur BaSh; kal9871's ghost, amateur MiHu


Innate Abilities, Weirdness & Mutations

You cannot be hasted, slowed, berserked, paralysed or teleported.
You can dig through walls and to a lower floor.
You have a pair of large antennae on your head. (SInv)
Your four strong arms can wield two-handed weapons with a shield.


Message History

The electric eel shoots out a bolt of lightning at you!
The bolt of electricity hits you! The bolt of electricity hits you.
Found a scroll labelled RUOR PEYRYD.
The electric eel shoots out a bolt of lightning at you!
The bolt of electricity hits you.
You lunge at the electric eel.
You hit the electric eel.
The electric eel is lightly wounded.
You sock the electric eel!
The electric eel is heavily wounded.
You hit the electric eel.
The electric eel is severely wounded.
The electric eel shoots out a bolt of lightning at you!
The bolt of electricity misses you.
You closely miss the electric eel.
The electric eel is severely wounded.
The electric eel shoots out a bolt of lightning at you!
The bolt of electricity hits you.
You hit the electric eel but do no damage.
The electric eel is severely wounded.
The electric eel shoots out a bolt of lightning at you!
The bolt of electricity hits you!
You hit the electric eel but do no damage.
The electric eel is severely wounded.
You closely miss the electric eel.
The electric eel is severely wounded.
You miss the electric eel.
The electric eel is severely wounded.
The electric eel shoots out a bolt of lightning at you!
The bolt of electricity hits you!
* * * LOW HITPOINT WARNING * * *
You barely miss the electric eel.
The electric eel is severely wounded.
The electric eel shoots out a bolt of lightning at you!
The bolt of electricity hits you!
* * * LOW HITPOINT WARNING * * *
You hit the electric eel.
The electric eel is almost dead.
The electric eel shoots out a bolt of lightning at you!
The bolt of electricity hits you!
You die...

≈≈≈ ..# #≈#≈ .. .
≈≈≈ ≈#.##?#.#
≈≈#≈~..#.#.#)
≈≈#~........ ≈
≈#.........# #≈
##S.........#
..##~#.@.........#
.........?.......#
..+..............#
####.....#......
#.....#.....#.####
#.#####.#####....
#. #...........# #
#.#.........#####
#...####...).....


You could see an electric eel.

Vanquished Creatures
  Sigmund (D:3)
  2 black bears
  An ogre (D:7)
  4 phantoms
  3 bullfrogs
  3 scorpions
  3 orc priests
  5 hounds
  A jelly (D:6)
  A sleepcap (D:4)
  7 iguanas
  3 orc wizards
  3 gnolls (D:3)
  7 adders
  A white imp (D:7)
  2 worms
  19 orcs
  7 ball pythons
  7 endoplasms
  7 giant cockroaches
  8 goblins
  5 hobgoblins
  14 jackals
  A quokka (D:5)
  5 bats
  5 frilled lizards
  8 kobolds
  5 rats
138 creatures vanquished.

Notes
Turn   | Place    | Note
-------+----------+-------------------------------------------
     0 | D:1      | Ivernyr the Formicid Fighter began the quest for the Orb.
     0 | D:1      | Reached XP level 1. HP: 18/18 MP: 1/1
    79 | D:1      | Reached XP level 2. HP: 19/24 MP: 2/2
   283 | D:1      | Reached XP level 3. HP: 18/29 MP: 3/3
  1129 | D:2      | Reached XP level 4. HP: 37/37 MP: 4/4
  1594 | D:3      | Noticed Sigmund
  1618 | D:3      | Killed Sigmund
  1619 | D:3      | Reached skill level 5 in Shields
  1619 | D:3      | Reached XP level 5. HP: 19/43 MP: 5/5
  1619 | D:3      | Reached XP level 6. HP: 22/49 MP: 6/6
  1799 | D:3      | Found an iron altar of Okawaru.
  1810 | D:3      | Found an ancient bone altar of Kikubaaqudgha.
  2139 | D:3      | HP: 2/49 [gnoll/+0 club (7)]
  2500 | D:3      | Reached XP level 7. HP: 34/55 MP: 7/7
  3137 | D:4      | Found a runed translucent gate.
  3140 | D:4      | Found a runed translucent gate.
  3140 | D:4      | Found a runed translucent gate.
  3141 | D:4      | Noticed kal9871's ghost (amateur MiHu)
  3141 | D:4      | Noticed confidenceinterval's ghost (amateur BaSh)
  3141 | D:4      | Noticed Farnir's ghost (amateur MiFi)
  3291 | D:4      | Reached skill level 5 in Staves
  3752 | D:5      | Entered Level 5 of the Dungeon
  3839 | D:5      | Reached skill level 5 in Fighting
  3851 | D:5      | Reached skill level 5 in Armour
  3976 | D:5      | Reached XP level 8. HP: 44/62 MP: 8/8
  5013 | D:6      | Found a staircase to the Ecumenical Temple.
  5048 | D:6      | Reached XP level 9. HP: 46/69 MP: 9/9
  5128 | Temple   | Entered the Ecumenical Temple
  5202 | Temple   | Became a worshipper of the Wu Jian Council
  5441 | D:6      | Found a shimmering blue altar of Sif Muna.
  5980 | D:7      | Killed from afar by an electric eel

Illustrated notes

Levels and vault maps discovered:
D:1:      scummos_arrival_gate, layout_basic
D:2:      layout_basic, kennysheep_flooded_box
D:3:      layout_basic, mainiacjoe_overflow_catwalk_spiral, st_stairs_2,
          uniq_sigmund
D:4:      layout_loops_cross, gammafunk_ghost_cemetery, minivault_14
D:5:      layout_loops_ring
D:6:      layout_loops_ring, mainiacjoe_overflow_chevrons, temple_green
D:7:      minmay_the_grid_octo_tiled_squarecenter [minmay_the_grid_octo_clover,
          minmay_the_grid_octo_toaster, minmay_the_grid_octo_checkerflower,
          minmay_the_grid_octo_shrine,
          minmay_the_grid_square_5x5_megaprize_checkered,
          minmay_the_grid_square_5x5_longway,
          minmay_the_grid_square_5x5_gyroscope,
          minmay_the_grid_square_5x5_minimal,
          minmay_the_grid_square_5x5_inverted_slash], layout_basic,
          mainiacjoe_overflow_boulevard, serial_shops, shop, minivault_4,
          uniq_menkaure, uniq_crazy_yiuf_cottage
Temple:   minmay_temple_bridge_d

Skill      XL: |  1  2  3  4  5  6  7  8  9 |
---------------+----------------------------+-----
Staves         | 4 5 6 7 |  7.5
Fighting       | 4 5 6 |  6.5
Armour         | 4 5 6 |  6.5
Shields        | 5 6 7 |  7.8

Action                     |  1- 3 |  4- 6 |  7- 9 || total
---------------------------+-------+-------+-------++-------
  Melee: Quarterstaff      |   122 |   145 |   271 ||   538
Ability: Lunge             |       |       |     5 ||     5
 Armour: Scale mail        |    79 |    91 |   153 ||   323
  Dodge: Dodged            |    58 |    62 |    99 ||   219
  Block: Buckler           |    30 |    33 |    65 ||   128

Table legend: (Time is in decaauts)
 A = Elapsed time spent in this place.
 B = Non-inter-level travel time spent in this place.
 C = Inter-level travel time spent in this place.
 D = Time resting spent in this place.
 E = Time spent auto-exploring this place.
 F = Levels seen in this place.
 G = Mean time per level.
                   A        B        C        D        E       F      G
               +--------+--------+--------+--------+--------+-----+--------+
         Total |   6029 |   5772 |    257 |    549 |   4006 |   8 |  753.6 |
       Dungeon |   5880 |   5764 |    116 |    549 |   4006 |   7 |  840.0 |
        Temple |    148 |      7 |    141 |      0 |      0 |   1 |  148.0 |
               +--------+--------+--------+--------+--------+-----+--------+

Top non-repeatable levels by time:
     D:3: 1341 daAuts
     D:5: 1085 daAuts
     D:4: 851 daAuts
     D:1: 805 daAuts
     D:2: 801 daAuts
     D:6: 790 daAuts
     D:7: 205 daAuts
  Temple: 148 daAuts
